 Dungeon Crawl Stone Soup version 0.30-a0-313-gae38170b09 (webtiles) character file.

Game seed: 6673985383518947477

1585 funkygono the Firebug (level 8, -5/43 HPs)
             Began as a Gargoyle Fire Elementalist on Oct 26, 2022.
             Slain by an iguana (8 damage)
             ... on level 5 of the Dungeon.
             The game lasted 00:08:08 (6049 turns).

funkygono the Firebug (Gargoyle Fire Elementalist)  Turns: 6049, Time: 00:08:09

Health: -5/43      AC: 10    Str: 15 (18) XL:     8   Next: 92%
Magic:  1/18       EV: 12    Int: 15 (17) God:
Gold:   293        SH:  5    Dex: 15 (16) Spells: 10/20 levels left

rFire   . . .      SeeInvis .    q - +11 whip "Luitz" {holy, *Slow rPois rC+ Str+5}
rCold   + . .      Faith    .    (no shield)
rNeg    + . .      Spirit   .    a - +0 robe
rPois   ∞          Reflect  +    (no helmet)
rElec   +          Harm     .    (no cloak)
rCorr   .          Rampage  .    (no gloves)
Will    .....                    e - +2 pair of boots
Stlth   ++........               t - amulet of reflection
HPRegen 0.27/turn                C - +6 ring of dexterity
MPRegen 0.16/turn                (no ring)

@: mighty
A: sickness immunity, AC +5, negative energy resistance 1, electricity
resistance, torment resistance 1, petrification resistance
a: no special abilities


You were on level 5 of the Dungeon.
You visited 1 branch of the dungeon, and saw 5 of its levels.

You collected 293 gold pieces.

Inventory:

Hand Weapons
 k - a +0 flail
 q - the +11 whip "Luitz" (weapon) {holy, *Slow rPois rC+ Str+5}
   (You found it on level 2 of the Dungeon)

   It has been blessed by the Shining One to cause great damage to the undead
   and demons.
   Str:       It affects your strength (+5).
   rC:        It protects you from cold.
   rPois:     It protects you from poison.
   *Slow:     It may slow you when you take damage.
 u - a +0 whip
 B - a +0 vorpal flail
Armour
 a - a +0 robe (worn)
 e - a +2 pair of boots (worn)
Jewellery
 i - an amulet of the acrobat
 t - an amulet of reflection (around neck)
 C - a +6 ring of dexterity (left hand)
Wands
 y - a wand of charming (17)
 A - a wand of acid (6)
Scrolls
 d - a scroll of silence {unknown}
 f - 2 scrolls of poison {unknown}
 g - 5 scrolls of teleportation {unknown}
 h - a scroll of enchant weapon {unknown}
 j - a scroll of immolation {unknown}
 l - 2 scrolls of fear {unknown}
 m - 4 scrolls of noise {unknown}
 p - 4 scrolls of identify {unknown}
 r - 3 scrolls of amnesia {unknown}
 s - a scroll of brand weapon {unknown}
Potions
 b - a potion of attraction {unknown}
 c - 2 potions of degeneration
 n - 2 potions of heal wounds {unknown}
 o - 2 potions of flight {unknown}
 v - a potion of might
 w - a potion of berserk rage {unknown}
 x - a potion of invisibility {unknown}
 z - a potion of resistance {unknown}
 D - a potion of brilliance {unknown}


   Skills:
 + Level 1.3 Fighting
 + Level 1.8 Maces & Flails
 + Level 2.1 Dodging
 - Level 2.1 Stealth
 + Level 0.7 Shields
 * Level 6.6 Spellcasting
 * Level 4.4 Conjurations
 * Level 7.1 Fire Magic


You had 10 spell levels left.
You knew the following spells:

 Your Spells              Type           Power      Damage    Failure   Level
a - Foxfire               Conj/Fire      88%        2x1d8     1%          1
b - Scorch                Fire           52%        2d8       1%          2
c - Kindle Blastsparks    Fire/Tloc/Air  24%        2d12      16%         3
d - Flame Wave            Conj/Fire      22%        2d8       13%         4

Your spell library contained the following spells:

 Spells                   Type           Power      Damage    Failure   Level
 Inner Flame              Hex/Fire       15%        N/A       10%         3
 Sandblast                Erth           8%         2d5       14%         1
 Stone Arrow              Conj/Erth      22%        3d8       17%         3
 Passwall                 Tmut/Erth      3%         N/A       22%         2
 Summon Guardian Golem    Hex/Summ       4%         N/A       38%         3
 Orb of Destruction       Conj           9%         9d6       100%        7
 Spellforged Servitor     Conj/Summ      5%         N/A       100%        7


Dungeon Overview and Level Annotations

Branches:
Dungeon (5/15)
 Temple: D:4-7

Altars:
Dithmenos
Makhleb
Nemelex Xobeh
Ru
Wu Jian


Innate Abilities, Weirdness & Mutations

You are immune to sickness and miasma.
Your stone body is resilient. (AC +5)
You are immune to poison.
You resist negative energy. (rN+)
You are resistant to electric shocks. (rElec)
You are resistant to unholy torment.
You are immune to petrification.


Message History

Casting: Flame Wave (quite dangerous; 11% risk of failure)
Confirm with . or Enter, or press ? or * to list all spells.
The spell is quite dangerous to miscast (11% risk of failure)!
Continue anyway?
Uppercase [Y]es or [N]o only, please.
The spell is quite dangerous to miscast (11% risk of failure)!
Continue anyway?
Okay, then.
Unknown command.
Casting: Flame Wave (quite dangerous; 11% risk of failure)
Confirm with . or Enter, or press ? or * to list all spells.
You conjure some foxfire!
You block the iguana's attack.
Okay, then.
Casting: Foxfire (safe; 1% risk of failure)
Confirm with . or Enter, or press ? or * to list all spells.
The spell is quite dangerous to miscast (11% risk of failure)!
Continue anyway?
Uppercase [Y]es or [N]o only, please.
The spell is quite dangerous to miscast (11% risk of failure)!
Continue anyway?
Casting: Flame Wave (quite dangerous; 11% risk of failure)
Press: ? - help, Dir - look around, f - activate A wave of flame ripples out!
The flame wave engulfs your foxfire.
Your foxfire completely resists.
The flame wave engulfs the iguana but does no damage.
The iguana is heavily wounded. (Press . to intensify the flame waves.)
The iguana bites you.
* * * LOW HITPOINT WARNING * * *
Without enough magic to sustain them, the waves of flame dissipate.
The iguana bites you.
* * * LOW HITPOINT WARNING * * *
Unknown command.
You block the iguana's attack.
Unknown command.
It was a potion of degeneration.
There was something very wrong with that liquid.
You feel weakened.
You feel dopey.
You feel clumsy. The iguana bites you.
* * * LOW HITPOINT WARNING * * *
It was a potion of might.
You feel very mighty all of a sudden. The iguana bites you!
You die...

#########.######.#.#..####..#####
#...#.# #.#.#......_.#§# #.#.#.#
#.#.#.#####..#### ###.#.#.#
#.#.#.#.#§####..# #.....#.##
#.#.#.#.###§##..# #.....#..###
#.#.#.#...####..# #..........#
#.# #.#...#.##..# #...†###...#
#v# #.#...#.....# #...##.##..#
#@# #.#...#####.#
###...#$..#..###l# #...........#
#.....##.##....#Y# #.#...#######
#.#....#'#####..c#.#######
...#####.##(.##.)#.#
..##...'#'.!.h#.)..#
..#)(.$.##)...#..#.#
..#.$...###)[##..#.#
..#?.:..'.####†..# #


You could see an ice beast, a centaur and an iguana (ally target).

Vanquished Creatures
  Edmund (D:5)
  Menkaure (D:5)
  An ice beast (D:5)
  A black bear (D:5)
  An orc warrior (D:5)
  2 ogres (D:5)
  2 necrophages
  3 scorpions
  A howler monkey (D:5)
  2 jellies
  5 hounds (D:5)
  An orc priest (D:5)
  4 iguanas (D:5)
  2 orc wizards
  8 adders
  A gnoll (D:5)
  A shadow imp (D:5)
  3 white imps (D:5)
  2 worms (D:2)
  11 orcs
  4 ball pythons
  10 endoplasms
  2 giant cockroaches
  3 goblins
  5 hobgoblins
  5 jackals
  4 kobolds
  4 quokkas
  4 bats
  2 frilled lizards
  4 rats
100 creatures vanquished.

Vanquished Creatures (others)
  260 foxfires
260 creatures vanquished.

Grand Total: 360 creatures vanquished

Notes
Turn   | Place    | Note
-------+----------+-------------------------------------------
     0 | D:1      | funkygono the Gargoyle Fire Elementalist began the quest
                  | for the Orb.
     0 | D:1      | Reached XP level 1. HP: 10/10 MP: 3/3
   315 | D:1      | Reached XP level 2. HP: 15/15 MP: 3/5
   318 | D:1      | Learned a level 2 spell: Scorch
  1013 | D:2      | Reached XP level 3. HP: 19/19 MP: 0/6
  1170 | D:2      | Learned a level 3 spell: Kindle Blastsparks
  1192 | D:2      | Found a faded altar of an unknown god.
  1382 | D:2      | Identified the +11 whip "Luitz" {holy, *Slow rPois rC+
                  | Str+5}
  1457 | D:2      | Reached skill level 4 in Fire Magic
  1644 | D:2      | Reached XP level 4. HP: 24/24 MP: 1/7
  2116 | D:3      | Found a burning altar of Makhleb.
  2839 | D:4      | Noticed a necrophage
  2844 | D:4      | Killed a necrophage
  2845 | D:4      | Reached XP level 5. HP: 28/28 MP: 2/9
  3444 | D:4      | Found a shadowy altar of Dithmenos.
  3460 | D:4      | Reached XP level 6. HP: 32/32 MP: 6/11
  3513 | D:4      | Learned a level 4 spell: Flame Wave
  3839 | D:4      | Found a sparkling altar of Nemelex Xobeh.
  4350 | D:5      | Entered Level 5 of the Dungeon
  4352 | D:5      | Found a sacrificial altar of Ru.
  4504 | D:5      | Reached skill level 5 in Fire Magic
  4622 | D:5      | Noticed an ice beast
  4635 | D:5      | Killed an ice beast
  4636 | D:5      | Reached skill level 1 in Maces & Flails
  4636 | D:5      | Reached XP level 7. HP: 34/37 MP: 4/13
  4733 | D:5      | Noticed Edmund
  4745 | D:5      | Killed Edmund
  4999 | D:5      | Reached skill level 5 in Spellcasting
  4999 | D:5      | Reached skill level 6 in Fire Magic
  5007 | D:5      | Reached skill level 1 in Fighting
  5007 | D:5      | Reached XP level 8. HP: 10/43 MP: 9/16
  5351 | D:5      | Noticed Menkaure
  5356 | D:5      | Killed Menkaure
  5452 | D:5      | Found an ornate altar of the Wu Jian Council.
  6028 | D:5      | Reached skill level 7 in Fire Magic
  6049 | D:5      | Slain by an iguana

Illustrated notes

Levels and vault maps discovered:
D:1:      erik_arrival_blinker_ship, layout_basic, minmay_ruptured
D:2:      layout_rooms, chequers_ecumenical_altar_simple
D:3:      layout_basic, bloody_makhleb
D:4:      layout_basic, old_standard_altar, nemelex_dance_club_becter
D:5:      minmay_opposing_rooms, layout_basic, nicolae_ru_sacrificial_ziggurat,
          pdpol_wu_jian_five_deadly_venoms, minmay_joined_circles, uniq_edmund,
          uniq_menkaure

Skill      XL: |  1  2  3  4  5  6  7  8 |
---------------+-------------------------+-----
Fire Magic     | 4 5 6 7 |  7.1
Conjurations   | 2 3 4 |  4.4
Spellcasting   | 3 4 5 6 |  6.6
Maces & Flails | 1 |  1.8
Fighting       | 1 |  1.3
Dodging        | 2 |  2.1
Stealth        | |  2.1
Shields        | |  0.7

Action                   |  1- 3 |  4- 6 |  7- 9 || total
-------------------------+-------+-------+-------++-------
Melee: Unarmed           |     5 |       |       ||     5
       Whip              |     1 |    42 |    35 ||    78
       Punch             |       |       |     2 ||     2
 Cast: Foxfire           |    49 |    56 |    46 ||   151
       Scorch            |     4 |    12 |    32 ||    48
       Flame Wave        |       |       |     3 ||     3
  Use: Potion            |       |       |     3 ||     3
Armor: Robe              |     5 |    12 |    35 ||    52
Dodge: Dodged            |    19 |    29 |    45 ||    93
Block: Other             |       |       |    20 ||    20
       Reflection        |       |       |     1 ||     1

Table legend: (Time is in decaauts)
 A = Elapsed time spent in this place.
 B = Non-inter-level travel time spent in this place.
 C = Inter-level travel time spent in this place.
 D = Time resting spent in this place.
 E = Time spent auto-exploring this place.
 F = Levels seen in this place.
 G = Mean time per level.
                   A        B        C        D        E       F      G
               +--------+--------+--------+--------+--------+-----+--------+
         Total |   6053 |   5835 |    218 |    286 |   4718 |   5 | 1210.6 |
       Dungeon |   6053 |   5835 |    218 |    286 |   4718 |   5 | 1210.6 |
               +--------+--------+--------+--------+--------+-----+--------+

Top non-repeatable levels by time:
     D:5: 1700 daAuts
     D:4: 1542 daAuts
     D:1: 1116 daAuts
     D:3: 934 daAuts
     D:2: 759 daAuts
